 Dungeon Crawl Stone Soup version 0.31-a0-237-g2d982f9f85 (webtiles) character file.

Game seed: 12628426774762339697

49 qw the Shooter (level 3, 0/21 HPs)
             Began as a Gargoyle Hexslinger on July 11, 2023.
             Frozen to death by an endoplasm (5 damage)
             ... on level 2 of the Dungeon.
             The game lasted 00:00:22 (806 turns).

qw the Shooter (Gargoyle Hexslinger)                 Turns: 806, Time: 00:00:22

Health: 0/21       AC: 12    Str: 11    XL:     3   Next: 77%
Magic:  4/4        EV: 23    Int: 13    God:
Gold:   46         SH:  0    Dex: 14    Spells: 3/4 levels left

rFire   . . .        Y - melded +1 sling
rCold   . . .        (shield currently unavailable)
rNeg    + + +        c - melded +0 robe
rPois   inf          (helmet currently unavailable)
rElec   .            (cloak currently unavailable)
rCorr   .            (gloves currently unavailable)
SInv    .            (boots currently unavailable)
Will    .....        (no amulet)
Stlth   +            f - +5 ring of evasion
HPRegen 0.23/turn    (no ring)
MPRegen 0.09/turn

%: no passive effects
@: fungus-form
A: melee confuse, terrified, no casting, sickness immunity, AC +3, tiny,
negative energy resistance 1, (electricity resistance), torment resistance 1,
petrification resistance
a: no special abilities


You were on level 2 of the Dungeon.
You were a sentient fungus.
You visited 1 branch of the dungeon, and saw 2 of its levels.

You collected 46 gold pieces.


Innate Abilities, Weirdness & Mutations

You are a sentient fungus.
You are tiny and evasive.
Your melee attack releases spores that confuse breathing creatures.
You become terrified and freeze when enemies are visible.
Your armour is entirely melded.
You are incapable of wielding weapons or throwing items.
You cannot cast spells.
You are immune to sickness and miasma.
((Your stone body is resilient. (AC +3)))
You are immune to poison.
You resist negative energy. (rN+)
((You are resistant to electric shocks. (rElec)))
You are resistant to unholy torment.
You are immune to petrification.


   Skills:
 - Level 2.0 Fighting
 + Level 3.6 Ranged Weapons
 - Level 1.5 Dodging
 - Level 1.0 Spellcasting
 - Level 2.6 Hexes


You had 3 spell levels left.
You knew the following spells:

 Your Spells              Type           Power      Damage    Failure   Level
a - Slow                  Hex            28%        N/A       10%         1

Your spell library contained the following spells:

 Spells                   Type           Power      Damage    Failure   Level
 Inner Flame              Hex/Fire       4%         N/A       43%         3
 Portal Projectile        Hex/Tloc       8%         N/A       43%         3
 Cause Fear               Hex            3%         N/A       67%         4

Inventory:

Hand Weapons
 Y - a +1 sling (melded)
Armour
 c - a +0 robe (melded)
Jewellery
 f - a +5 ring of evasion (left hypha)

Dungeon Overview and Level Annotations

Branches:
Dungeon (2/15)

Altars:

Annotations:
D:2 Sigmund


Message History

The giant cockroach misses you.
You release spores at the giant cockroach.
The giant cockroach appears confused.
The giant cockroach is moderately wounded.
Sigmund barely misses you. The giant cockroach misses you.
The endoplasm freezes you.
You are frozen.
You release spores at the giant cockroach.
The giant cockroach is severely wounded.
The giant cockroach closely misses you. The endoplasm freezes you.
You are frozen.
Sigmund misses you.
You strike the helpless giant cockroach from behind!
You release spores at the giant cockroach.
You kill the giant cockroach!
The rat barely misses you.
The endoplasm hits you but does no damage.
You release spores at the rat but do no damage.
Sigmund hits you from afar with a +0 scythe.
The rat bites you. The endoplasm completely misses you.
You release spores at the rat.
The rat is heavily wounded.
You release spores at the rat.
You kill the rat!
The endoplasm freezes you.
You are frozen.
Sigmund completely misses you.
The giant cockroach completely misses you.
You release spores at the giant cockroach but do no damage.
The endoplasm freezes you.
You are frozen.
Sigmund completely misses you. The giant cockroach barely misses you.
You release spores at the giant cockroach.
The giant cockroach is heavily wounded.
The endoplasm freezes you.
You are frozen.
The giant cockroach misses you.
You release spores at the giant cockroach but do no damage.
The giant cockroach is heavily wounded.
The endoplasm freezes you.
You are frozen.
You die...

#. .. .# .. #. .
.# .##.##. ...
...>. ....#....
###.....####.##
.....@BJ%......
#######f####.#
.............#
#######.########
..........# ...
.######.#.##.####
....^.........#
..
#####.#.##.##.#
#.. ...........#
#.# #####.#.#).##
#.#


You could see Sigmund, an endoplasm and a giant cockroach.

Vanquished Creatures
  2 adders (D:2)
  A dart slug (D:1)
  6 ball pythons (D:1)
  3 bats (D:1)
  2 endoplasms (D:1)
  A giant cockroach (D:2)
  3 goblins (D:1)
  4 hobgoblins
  3 frilled lizards (D:1)
  2 kobolds
  A rat (D:2)
28 creatures vanquished.

Notes
Turn   | Place    | Note
-------+----------+-------------------------------------------
     0 | D:1      | qw the Gargoyle Hexslinger began the quest for the Orb.
     0 | D:1      | Reached XP level 1. HP: 12/12 MP: 2/2
     0 | D:1      | 0 ||| qw: Version: 0.3-a-52-g30416fa
     0 | D:1      | 0 ||| qw: Game counter: 5598
     0 | D:1      | 0 ||| qw: Melee chars always use a shield: true
     0 | D:1      | 0 ||| qw: God list: Okawaru
     0 | D:1      | 0 ||| qw: Allow faded altars: false
     0 | D:1      | 0 ||| qw: Do Orc after clearing Dungeon:15 true
     0 | D:1      | 0 ||| qw: Do second Lair branch before Depths: true
     0 | D:1      | 0 ||| qw: Lair rune preference: random
     0 | D:1      | 0 ||| qw: Goals: Normal
     0 | D:1      | 0 ||| PLANNING D:1-11
   108 | D:1      | Reached XP level 2. HP: 16/16 MP: 3/3
   223 | D:1      | Reached skill level 3 in Ranged Weapons
   571 | D:1      | Reached XP level 3. HP: 21/21 MP: 4/4
   662 | D:1      | 662 ||| UPGRADING to +5 ring of evasion.
   663 | D:1      | 663 ||| READING scroll labelled AFOUXT VOXUECEU.
   664 | D:1      | 664 ||| READING scroll labelled LAOVAG FYIMP.
   665 | D:1      | 665 ||| DROPPING scroll of poison.
   794 | D:2      | Noticed Sigmund
   805 | D:2      | HP: 5/21 [frozen (5)]
   806 | D:2      | Frozen to death by an endoplasm

Levels and vault maps discovered:
D:1:      minmay_arrival_three_doors, layout_loops_ring
D:2:      layout_basic, basic_altar, minmay_split_cup_large, uniq_sigmund

Skill      XL: |  1  2 |
---------------+-------+-----
Ranged Weapons | 3 |  3.6
Fighting       | 2 |  2.0
Dodging        | |  1.5
Spellcasting   | |  1.0
Hexes          | |  2.6

Action                     || total
---------------------------++-------
  Melee: Unarmed           ||     9
   Fire: Sling             ||    98
    Use: Scroll            ||     2
   Stab: Confused          ||     1
 Armour: Robe              ||    31
         Skin              ||     1
  Dodge: Dodged            ||    64

Table legend:
 A = Non-vault XP
 B = Vault XP
 C = Vault XP percentage of total XP
 D = Non-vault monster count
 E = Vault monster count
 F = Vault count percentage of total count
                 A         B        C        D         E       F
            +---------+---------+-------+---------+---------+-------
      Total |      71 |       0 |   0.0 |      28 |       0 |   0.0
            +---------+---------+-------+---------+---------+-------
        D:1 |      36 |       0 |   0.0 |      21 |       0 |   0.0
        D:2 |      35 |       0 |   0.0 |       7 |       0 |   0.0
            +---------+---------+-------+---------+---------+-------
